 Dungeon Crawl Stone Soup version 0.31-a0-841-g038b102fc3 (webtiles) character file.

Game seed: 11419694406496150058

3 Bravepunisher the Ducker (level 1, 0/11 HPs)
             Began as a Spriggan Monk on Sept 27, 2023.
             Succumbed to an adder's poison
             ... on level 4 of the Dungeon.
             The game lasted 00:00:41 (207 turns).

Bravepunisher the Ducker (Spriggan Monk)             Turns: 207, Time: 00:00:42

Health: 0/11       AC:  2    Str:  7    XL:     1   Next: 41%
Magic:  2/2        EV: 18    Int: 11    God:
Gold:   26         SH:  0    Dex: 17    Spells: 0/0 levels left

rFire   . . .        a - +0 short sword
rCold   . . .        (no shield)
rNeg    . . .        b - +0 robe
rPois   .            (helmet restricted)
rElec   .            (no cloak)
rCorr   .            (gloves unavailable)
SInv    +            (boots unavailable)
Will    .....        (no amulet)
Stlth   ++           (no ring)
HPRegen 0.21/turn    (no ring)
MPRegen 0.08/turn

%: no passive effects
@: lethally poisoned (0 -> -5), very quick
A: very small, no large weapons, unfitting armour, see invisible, speed 3
a: no special abilities


You were on level 4 of the Dungeon.
You visited 1 branch of the dungeon, and saw 4 of its levels.

You collected 26 gold pieces.

Inventory:

Hand Weapons
 a - a +0 short sword (weapon)
Armour
 b - a +0 robe (worn)
Potions
 c - a potion of ambrosia


   Skills:
 * Level 2.5 Fighting
 - Level 3.2 Short Blades
 + Level 4.1 Dodging


You couldn't memorise any spells.
You didn't know any spells.
Your spell library was empty.

Dungeon Overview and Level Annotations

Branches:
Dungeon (4/15)
 Temple: D:4-7

Altars:

Annotations:
D:2 Sigmund


Innate Abilities, Weirdness & Mutations

You are very small and have problems with some larger weapons.
You are too small for most types of armour.
You have supernaturally acute eyesight. (SInv)
You cover ground extremely quickly. (Speed+++)


Message History

The adder attacks as it pursues you! The adder closely misses you.
Found a flail.
The bat misses you. The adder attacks as it pursues you! The adder misses you.
There is a stone staircase leading down here.
The bat barely misses you. The adder closely misses you.
The bat hits you but does no damage.
You climb downwards.
Found a stone staircase leading down.
There is a stone staircase leading up here.
The adder closely misses you.
Found a scroll labelled AHANA VUOPEDEUREWE.
There is a stone staircase leading down here.
The adder bites you.
You climb downwards.
There is a stone staircase leading up here.
The helpless adder fails to defend itself.
You puncture the adder!
The adder is severely wounded.
The adder closely misses you.
You hit the adder.
The adder is almost dead.
The adder bites you.
You barely miss the adder.
The adder is almost dead.
The adder closely misses you.
You closely miss the adder.
The adder is almost dead.
The adder bites you.
You hit the adder.
The adder is almost dead.
The adder completely misses you.
You miss the adder.
The adder is almost dead.
The adder bites you.
* * * LOW HITPOINT WARNING * * *
You are lethally poisoned!
The adder poisons you!
You hit the adder.
You kill the adder!
You die...

#. ### .#
##..
.....#
.#..# .
...# ...
..###....
#.....#
#@.# ##.#
.# .# .#
.# .. #+


There were no monsters in sight!

Vanquished Creatures
  An adder (D:4)
  An endoplasm (D:1)
  A quokka (D:1)
  A kobold (D:1)
4 creatures vanquished.

Notes
Turn   | Place    | Note
-------+----------+-------------------------------------------
     0 | D:1      | Bravepunisher the Spriggan Monk began the quest for the
                  | Orb.
     0 | D:1      | Reached XP level 1. HP: 11/11 MP: 2/2
   154 | D:2      | Noticed Sigmund
   207 | D:4      | Succumbed to an adder's poison

Illustrated notes

Levels and vault maps discovered:
D:1:      lightli_arrival_isolated_outpost, layout_basic, serial_shops, shop,
          nicolae_shop_tiny_glass, minivault_5
D:2:      layout_rooms, minmay_pentomino_s4, uniq_sigmund,
          uniq_crazy_yiuf_cottage
D:3:      layout_basic, kennysheep_decorative_pillar
D:4:      layout_basic, uniq_menkaure

Action                     || total
---------------------------++-------
  Melee: Short sword       ||    23
   Stab: Sleeping          ||     1
 Armour: Robe              ||     9
  Dodge: Dodged            ||    22

Table legend: (Time is in decaauts)
 A = Elapsed time spent in this place.
 B = Non-inter-level travel time spent in this place.
 C = Inter-level travel time spent in this place.
 D = Time resting spent in this place.
 E = Time spent auto-exploring this place.
 F = Levels seen in this place.
 G = Mean time per level.
                   A        B        C        D        E       F      G
               +--------+--------+--------+--------+--------+-----+--------+
         Total |    150 |    150 |      0 |      0 |     68 |   4 |   37.5 |
       Dungeon |    150 |    150 |      0 |      0 |     68 |   4 |   37.5 |
               +--------+--------+--------+--------+--------+-----+--------+

Top non-repeatable levels by time:
     D:1: 113 daAuts
     D:2: 27 daAuts
     D:4: 5 daAuts
     D:3: 4 daAuts
